 Dungeon Crawl Stone Soup version 0.23-a0-270-gab6feb3 (webtiles) character file.

3787 chorionicmirror the Carver (level 10, -2/79 HPs)
             Began as a Human Fighter on Oct 1, 2018.
             Was a Believer of the Shining One.
             Hit by a javelin of returning thrown by a centaur (5 damage)
             ... in a bailey.
             The game lasted 00:26:46 (7276 turns).

chorionicmirror the Carver (Human Fighter)          Turns: 7276, Time: 00:26:46

Health: -2/79      AC:  7    Str: 20    XL:     10   Next: 39%
Magic:  10/13      EV: 11    Int: 13    God:    the Shining One [**....]
Gold:   524        SH: 14    Dex: 13    Spells: 9/9 levels left

rFire    + + .     SeeInvis +   g - +3 long sword (curse)
rCold    + . .     Gourm    .   p - +0 buckler
rNeg     + + .     Faith    .   s - +2 leather armour {rF+}
rPois    +         Spirit   .   k - +0 helmet
rElec    +         Reflect  .   (no cloak)
rCorr    +         Harm     .   u - +0 pair of gloves
MR       .....                  (no boots)
Stlth    +.........             (no amulet)
HPRegen  0.23/turn              e - ring of see invisible
MPRegen  0.13/turn              n - ring of positive energy

@: brilliant, divine shield, resistant, glowing
A: no striking features
a: Divine Shield, Renounce Religion


You were in a bailey.
You worshipped the Shining One.
The Shining One was pleased with you.
You were not hungry.

You visited 2 branches of the dungeon, and saw 9 of its levels.
You also visited: Bailey.

You collected 524 gold pieces.

Inventory:

Hand Weapons
 a - a +1 flail
 g - a cursed +3 long sword (weapon)
Armour
 c - a +0 shield
 k - a +0 helmet (worn)
 p - a +0 buckler (worn)
 s - a +2 leather armour of fire resistance (worn)
 t - a +0 chain mail
 u - a +0 pair of gloves (worn)
Magical Staves
 j - an uncursed staff of power {unknown}
 q - an uncursed staff of earth
Jewellery
 e - a ring of see invisible (left hand)
 n - a ring of positive energy (right hand)
Wands
 d - a wand of iceblast (6)
Scrolls
 b - a scroll of blinking
 h - 5 scrolls of remove curse
 l - 3 scrolls of magic mapping
 o - 2 scrolls of teleportation
Potions
 m - a potion of lignification
Comestibles
 f - 9 rations
 v - 25 chunks of flesh


   Skills:
 + Level 7.5 Fighting
 * Level 9.9 Long Blades
 - Level 3.0 Armour
 + Level 7.4 Shields
 + Level 4.5 Invocations


You had 9 spell levels left.
You didn't know any spells.
Your spell library contained the following spells:

 Spells                   Type           Power        Failure   Level  Hunger
 Beastly Appendage        Tmut           #.....       4%          1    ##.....
 Sandblast                Erth           #.....       4%          1    ##.....
 Passwall                 Tmut/Erth      #.......     6%          2    ###....
 Sticks to Snakes         Tmut           #.......     6%          2    ###....
 Spider Form              Tmut/Pois      #.........   12%         3    ####...
 Stone Arrow              Conj/Erth      #.....       12%         3    ####...
 Ice Form                 Ice/Tmut       #.......     32%         4    #####..
 Petrify                  Tmut/Erth      #.......     32%         4    #####..
 Blade Hands              Tmut           #.........   63%         5    ######.
 Lee's Rapid Deconstruct  Erth           #.........   63%         5    ######.


Dungeon Overview and Level Annotations

Branches:
Dungeon (8/15)             Temple (1/1) D:5
   Lair: D:8-11

Altars:
Ashenzari
Cheibriados
Dithmenos
Elyvilon
Fedhas
Gozag
Hepliaklqana
Kikubaaqudgha
Makhleb
Nemelex Xobeh
Okawaru
Qazlal
Ru
Sif Muna
Trog
Uskayaw
Vehumet
Wu Jian
Xom
Yredelemnul
Zin
The Shining One

Shops:
D:8 (=%


Message History

An orc comes into view. It is wielding a spear.
The orc shouts!
A centaur comes into view. It is wielding a halberd.
The centaur shouts!
You hear a shout! x3
The centaur throws a javelin of returning.
The javelin of returning barely misses you.
The weapon returns to the centaur!
The centaur throws a javelin of returning.
The javelin of returning hits you but does no damage.
An orc warrior comes into view. It is wielding a spear.
The centaur throws a javelin of returning.
You block the javelin of returning.
The weapon returns to the centaur!
The centaur throws a javelin of returning.
You block the javelin of returning.
Found 2 javelins of returning.
It was a potion of resistance.
You feel protected.
The centaur throws a javelin of returning.
The javelin of returning hits you.
You die...

≈≈
≈≈≈≈≈≈≈≈...####
.≈
≈≈≈≈≈≈....≈≈c≈≈
o≈
..........≈.≈≈≈
≈.
.o.o..o⌠.≈≈.≈≈≈
≈≈
.........≈.≈≈≈≈
.≈
.......≈≈≈.≈≈≈≈
..
.....≈≈≈..≈≈≈≈≈
≈≈≈≈≈≈.@≈≈≈≈≈≈≈
o.o.c.≈≈≈≈≈≈≈≈#
≈≈≈≈≈≈≈≈≈≈≈≈≈##
≈≈≈≈≈≈≈≈≈≈≈≈##
#############


You could see 2 orc warriors, 2 centaurs and 3 orcs.

Vanquished Creatures
  A two-headed ogre (D:8)
  3 hippogriffs
  Eustachio (D:5)
  Menkaure (D:6)
  2 orc warriors
  3 sky beasts
  2 necrophages (D:7)
  A phantom (D:5)
  A centaur (D:7)
  2 bullfrogs
  A gnoll sergeant (D:7)
  A wyvern zombie (D:6)
  2 scorpions
  3 killer bees (D:8)
  3 wights (D:8)
  2 bullfrog zombies
  3 howler monkeys (D:8)
  A crimson imp (D:6)
  A bullfrog skeleton (D:6)
  A jelly (D:6)
  3 hounds
  2 orc priests
  3 orc wizards
  A centaur skeleton (D:4)
  An iguana (D:8)
  3 worker ants
  2 hound zombies (D:7)
  9 gnolls
  8 adders
  A howler monkey skeleton (D:4)
  3 shadow imps
  An ooze (D:2)
  4 worms
  2 dart slugs
  5 leopard geckos
  20 orcs
  7 bats
  5 giant cockroaches
  14 goblins
  10 hobgoblins
  9 jackals
  2 quokkas
  A ball python (D:6)
  5 frilled lizards
  6 kobolds
  A leopard gecko skeleton (D:4)
  6 rats
169 creatures vanquished.

Notes
Turn   | Place    | Note
-------+----------+-------------------------------------------
     0 | D:1      | chorionicmirror the Human Fighter began the quest for the
                  | Orb.
     0 | D:1      | Reached XP level 1. HP: 18/18 MP: 1/1
   138 | D:1      | Reached XP level 2. HP: 22/24 MP: 2/2
   714 | D:2      | Reached XP level 3. HP: 26/29 MP: 3/3
  1036 | D:2      | Reached skill level 3 in Long Blades
  1057 | D:2      | Reached XP level 4. HP: 34/35 MP: 4/4
  1497 | D:3      | Found a stormy altar of Qazlal.
  1497 | D:3      | Found a faded altar of an unknown god.
  1502 | D:3      | Found a faded altar of an unknown god.
  1504 | D:3      | Found a hazy altar of Hepliaklqana.
  1505 | D:3      | Found a glowing golden altar of the Shining One.
  1520 | D:3      | Became a worshipper of Elyvilon the Healer
  1520 | D:3      | Reached * piety under Elyvilon
  1525 | D:3      | Fell from the grace of Elyvilon
  1525 | D:3      | Became a worshipper of the Shining One
  1548 | D:3      | You fall through a shaft!
  1609 | D:4      | Reached XP level 5. HP: 41/42 MP: 5/5
  2076 | D:3      | Found an ancient bone altar of Kikubaaqudgha.
  2252 | D:3      | Reached skill level 4 in Long Blades
  2377 | D:3      | Reached XP level 6. HP: 42/48 MP: 6/6
  2649 | D:4      | Found a shattered altar of Ashenzari.
  2897 | D:4      | Reached * piety under the Shining One
  3111 | D:5      | Entered Level 5 of the Dungeon
  3181 | D:5      | Found an ornate altar of the Wu Jian Council.
  3191 | D:5      | Found a deep blue altar of Sif Muna.
  3191 | D:5      | Noticed a phantom
  3204 | D:5      | Killed a phantom
  3245 | D:5      | Found a staircase to the Ecumenical Temple.
  3257 | Temple   | Entered the Ecumenical Temple
  3352 | D:5      | Reached skill level 5 in Long Blades
  3362 | D:5      | Reached XP level 7. HP: 53/55 MP: 7/7
  4023 | D:6      | Reached skill level 5 in Fighting
  4096 | D:6      | Noticed Menkaure
  4362 | D:6      | Noticed Eustachio
  4372 | D:5      | Reached skill level 6 in Long Blades
  4372 | D:5      | Reached skill level 5 in Shields
  4397 | D:5      | Killed Eustachio
  4397 | D:5      | Reached XP level 8. HP: 28/62 MP: 8/8
  4617 | D:6      | Killed Menkaure
  4857 | D:6      | Reached skill level 7 in Long Blades
  5640 | D:6      | Reached ** piety under the Shining One
  5686 | D:7      | Reached XP level 9. HP: 66/69 MP: 9/9
  6009 | D:7      | Reached skill level 1 in Invocations
  6022 | D:7      | Reached skill level 8 in Long Blades
  6365 | D:7      | Noticed a hippogriff
  6394 | D:7      | Killed a hippogriff
  6913 | D:8      | Found Nakaq's Food Shoppe.
  7014 | D:8      | Found Qemen's Jewellery Boutique.
  7014 | D:8      | Noticed a two-headed ogre
  7014 | D:8      | Noticed a hippogriff
  7025 | D:8      | Killed a two-headed ogre
  7025 | D:8      | Reached skill level 9 in Long Blades
  7025 | D:8      | Reached XP level 10. HP: 18/79 MP: 12/12
  7155 | D:8      | HP: 2/79 [wight/enchanted long sword (3)]
  7165 | D:8      | HP: 5/118 [wight/enchanted flail (3)]
  7244 | D:8      | Found Obiehebe's Antique Weapon Boutique.
  7262 | D:8      | Found a flagged portal.
  7271 | Bailey   | Entered a bailey
  7274 | Bailey   | HP: 3/79 [centaur/javelin of returning (11)]
  7276 | Bailey   | Hit by a javelin of returning thrown by a centaur

Vault maps used:
D:1:      shiori_arrival_whats_in_store_for_you
D:3:      chequers_temple_overflow_minitemple, kiku_gazebo_garden_becter,
          first_ration
D:4:      ashenzari_conservatory_becter
D:5:      amethyst_overflow_temple_binary, minmay_temple_entry_grid
D:6:      lemuel_flame_loot_1, uniq_menkaure, uniq_eustachio
D:8:      serial_shops, shop, kennysheep_mini_moat, nicolae_shop_trees, shop,
          enter_bailey_7
Temple:   eino_wide_crystal_templ
Bailey:   bailey_polearm_flooded_kennysheep, bailey

Skill      XL: |  1  2  3  4  5  6  7  8  9 10 |
---------------+-------------------------------+-----
Long Blades    | 3 4 5 6 7 9 |  9.9
Fighting       | 4 5 6 7 |  7.5
Shields        | 4 5 6 7 |  7.4
Invocations    | 3 4 |  4.5
Armour         | |  3.0

Action                   |  1- 3 |  4- 6 |  7- 9 | 10-12 || total
-------------------------+-------+-------+-------+-------++-------
Melee: Long sword        |   127 |   146 |   290 |    88 ||   651
Invok: Divine Shield     |       |       |     1 |     2 ||     3
  Use: Scroll            |     2 |     8 |     5 |     1 ||    16
       Potion            |       |       |     5 |     6 ||    11
  Eat: Chunk             |     1 |     7 |     4 |       ||    12
       Ration            |       |       |     3 |       ||     3
Armor: Scale mail        |    67 |    43 |    44 |       ||   154
       Skin              |       |       |     9 |    31 ||    40
       Leather armour    |       |       |    32 |    15 ||    47
Dodge: Dodged            |    49 |    57 |   126 |    28 ||   260
Block: Shield            |    79 |    29 |       |       ||   108
       Buckler           |       |    15 |    94 |    51 ||   160
       Rpst.: Long sword |    13 |    23 |    31 |     3 ||    70

Table legend:
 A = Non-vault XP
 B = Vault XP
 C = Vault XP percentage of total XP
 D = Non-vault monster count
 E = Vault monster count
 F = Vault count percentage of total count
                 A         B        C        D         E       F
            +---------+---------+-------+---------+---------+-------
      Total |    5017 |     394 |   7.3 |     163 |       6 |   3.6
            +---------+---------+-------+---------+---------+-------
        D:1 |      24 |       0 |   0.0 |      14 |       0 |   0.0
        D:2 |      62 |       0 |   0.0 |      29 |       0 |   0.0
        D:3 |     141 |       0 |   0.0 |      30 |       0 |   0.0
        D:4 |     152 |       0 |   0.0 |      11 |       0 |   0.0
        D:5 |     278 |     185 |  40.0 |       7 |       1 |  12.5
        D:6 |     872 |     175 |  16.7 |      30 |       1 |   3.2
        D:7 |    1024 |       0 |   0.0 |      18 |       0 |   0.0
        D:8 |    2464 |      34 |   1.4 |      24 |       4 |  14.3
            +---------+---------+-------+---------+---------+-------
